 Dungeon Crawl Stone Soup version 0.21.1-1-g345015f (webtiles) character file.

163 poirepourri the Covert (level 5, 0/24 HPs)
             Began as a Spriggan Enchanter on July 20, 2018.
             Was an Initiate of Ashenzari.
             Succumbed to an adder's poison
             ... on level 5 of the Dungeon.
             The game lasted 00:03:25 (2542 turns).

poirepourri the Covert (Spriggan Enchanter)         Turns: 2542, Time: 00:03:26

Health: 0/24       AC:  4    Str:  4    XL:     5   Next: 20%
Magic:  2/10       EV: 18    Int: 16    God:    Ashenzari [......]
Gold:   36         SH:  0    Dex: 18    Spells: 3/9 levels left

rFire    + . .     SeeInvis +   a - +3 dagger
rCold    + . .     Gourm    .   (shield restricted)
rNeg     . . .     Faith    .   b - +0 robe (curse)
rPois    +         Spirit   .   (helmet restricted)
rElec    +         Reflect  .   (no cloak)
rCorr    +         Harm     .   (gloves unavailable)
MR       .....                  (boots unavailable)
Stlth    ++++......             (no amulet)
HPRegen  0.08/turn              (no ring)
MPRegen  0.12/turn              (no ring)

@: lethally poisoned (0 -> -2), resistant, berserk cooldown, slowed, quick
A: very small, unfitting armour, slimy green scales 1, see invisible, herbivore,
speed 3, slow metabolism 2, evolution 1
a: Curse Item, Renounce Religion


You were on level 5 of the Dungeon.
You worshipped Ashenzari.
Ashenzari was noncommittal.
You were very hungry.

You visited 2 branches of the dungeon, and saw 6 of its levels.

You collected 36 gold pieces.

Inventory:

Hand Weapons
 a - a +3 dagger (weapon)
Armour
 b - a cursed +0 robe (worn)
 f - a +0 buckler
Scrolls
 e - 2 scrolls of enchant weapon
Potions
 h - a potion of berserk rage
Books
 c - a book of Maledictions

   Spells                             Type                      Level
   a - Corona                         Hexes                        1
   b - Ensorcelled Hibernation        Hexes/Ice                    2
   c - Confuse                        Hexes                        3
   d - Tukima's Dance                 Hexes                        3
   e - Dazzling Spray                 Conjuration/Hexes            3
Comestibles
 d - 7 rations


   Skills:
 - Level 1.1 Short Blades
 - Level 3.0 Dodging
 - Level 9.1 Stealth
 + Level 2.9 Spellcasting
 - Level 3.6 Hexes


You had 3 spell levels left.
You knew the following spells:

 Your Spells              Type           Power        Failure   Level  Hunger
a - Corona                Hex            ##.....      4%          1    #......
b - Ensorcelled Hibernat  Hex/Ice        #.....       14%         2    ##.....
c - Confuse               Hex            ##......     13%         3    ###....


Dungeon Overview and Level Annotations

Branches:
Dungeon (5/15)             Temple (1/1) D:4

Altars:
Ashenzari
Cheibriados
Dithmenos
Elyvilon
Fedhas
Gozag
Hepliaklqana
Kikubaaqudgha
Nemelex Xobeh
Okawaru
Qazlal
Sif Muna
Trog
Uskayaw
Vehumet
Wu Jian
Yredelemnul
Zin


Innate Abilities, Weirdness & Mutations

You are very small and have problems with some larger weapons.
You are too small for most types of armour.
You have supernaturally acute eyesight. (SInv)
You are a herbivore.
You cover ground extremely quickly.
You need consume almost no food.
You are partially covered in slimy green scales. (AC +2)
You evolve.


Message History

You feel yourself slow down.
* * * LOW HITPOINT WARNING * * *
You feel sick.
* * * LOW HITPOINT WARNING * * *
You feel sick.
* * * LOW HITPOINT WARNING * * *
You feel sick.
You see here 2 scrolls of enchant weapon.
e - 2 scrolls of enchant weapon It was a potion of mutation.
You feel extremely strange.
Slimy green scales grow over part of your body.
You feel nature experimenting on you.
Don't worry, failures die fast.
* * * LOW HITPOINT WARNING * * *
You feel sick.
It was a potion of resistance.
You feel protected.
There is a lethal amount of poison in your body!
There is a lethal amount of poison in your body!
There is a lethal amount of poison in your body!
You die...

#†#.# #.# #.# #.#.#
#.# #.# ##. #.#.#
#.# #.# #.. #s#.#
#.# #.# #.# #<#.#
#.# ### #.## ###.#
#.# #.. #.# #.#
###.###.#########.#
........@.........#
###.#############.#
#.# #.# #.# ###


There were no monsters in sight!

Vanquished Creatures
  A bullfrog zombie (D:3)
  An iguana (D:5)
  Natasha (D:4)
  A hound skeleton (D:5)
  3 adders
  An ooze (D:2)
  An adder zombie (D:5)
  A dart slug (D:1)
  2 leopard geckos (D:1)
  2 orcs (D:5)
  2 bats
  2 giant cockroaches
  3 goblins
  A hobgoblin (D:1)
  6 jackals
  A quokka (D:2)
  A frilled lizard (D:2)
  5 rats
35 creatures vanquished.

Notes
Turn   | Place    | Note
-------+----------+-------------------------------------------
     0 | D:1      | poirepourri the Spriggan Enchanter began the quest for the Orb.
     0 | D:1      | Reached XP level 1. HP: 9/9 MP: 5/5
   305 | D:1      | Reached skill level 5 in Stealth
   357 | D:1      | Reached XP level 2. HP: 13/13 MP: 6/6
   833 | D:2      | Reached skill level 6 in Stealth
  1022 | D:2      | Learned a level 2 spell: Ensorcelled Hibernation
  1103 | D:2      | Reached XP level 3. HP: 4/16 MP: 0/8
  1115 | D:2      | Learned a level 3 spell: Confuse
  1576 | D:2      | Reached skill level 7 in Stealth
  1647 | D:3      | Reached XP level 4. HP: 18/21 MP: 5/9
  1805 | D:4      | Found a staircase to the Ecumenical Temple.
  1835 | Temple   | Entered the Ecumenical Temple
  1907 | Temple   | Became a worshipper of Ashenzari the Shackled
  2147 | D:5      | Entered Level 5 of the Dungeon
  2234 | D:5      | Reached skill level 8 in Stealth
  2282 | D:4      | Noticed Natasha
  2286 | D:4      | Killed Natasha
  2440 | D:5      | Reached skill level 9 in Stealth
  2440 | D:5      | Reached XP level 5. HP: 22/24 MP: 3/10
  2540 | D:5      | Gained mutation: You are partially covered in slimy green scales. (AC +2) [potion of mutation]
  2540 | D:5      | Gained mutation: You evolve. [potion of mutation]
  2540 | D:5      | HP: 1/24 [poisoned by an adder]
  2542 | D:5      | Succumbed to an adder's poison

Skill      XL: |  1  2  3  4 |
---------------+-------------+-----
Stealth        | 5 6 7 9 |  9.1
Short Blades   | |  1.1
Dodging        | |  3.0
Spellcasting   | |  2.9
Hexes          | |  3.6

Action                   |  1- 3 |  4- 6 || total
-------------------------+-------+-------++-------
Melee: Dagger            |    55 |    39 ||    94
 Cast: Ensorcelled Hiber |    12 |    14 ||    26
       Confuse           |       |     1 ||     1
       Corona            |       |     2 ||     2
Invok: Curse Item        |       |     1 ||     1
  Use: Scroll            |     7 |     2 ||     9
       Potion            |       |     3 ||     3
 Stab: Sleeping          |    14 |     6 ||    20
       Confused          |       |     1 ||     1
Armor: Robe              |     3 |     2 ||     5
Dodge: Dodged            |    45 |    44 ||    89
